 Dungeon Crawl Stone Soup version 0.27-a0-75-g9f9dfd16e9 (webtiles) character file.

Game seed: 4259536597556506833

209 lunkers the Chopper (level 5, -2/41 HPs)
             Began as a Demigod Gladiator on Jan 12, 2021.
             Slain by a mummy (7 damage)
             ... in an ossuary.
             The game lasted 00:04:59 (2979 turns).

lunkers the Chopper (Demigod Gladiator)             Turns: 2979, Time: 00:05:00

Health: -2/41      AC: 13    Str: 19    XL:     5   Next: 30%
Magic:  7/7        EV:  8    Int: 12    God:
Gold:   173        SH:  0    Dex: 17    Spells: 4/4 levels left

rFire    + . .     SeeInvis .   a - +0 war axe
rCold    . . .     Faith    .   (no shield)
rNeg     . . .     Spirit   .   i - +0 chain mail
rPois    .         Reflect  .   c - +1 helmet
rElec    .         Harm     .   b - +2 cloak
rCorr    .         Rampage  .   (no gloves)
Will     .....                  (no boots)
Stlth    ..........             (no amulet)
HPRegen  0.13/turn              g - ring of protection from fire
MPRegen  0.10/turn              (no ring)

@: no status effects
A: high mp 1
a: no special abilities


You were in an ossuary.
You visited 1 branch of the dungeon, and saw 4 of its levels.
You also visited: Ossuary.

You collected 173 gold pieces.

Inventory:

Hand Weapons
 a - a +0 war axe (weapon)
Missiles
 d - 3 throwing nets {=f}
 j - 3 atropa-tipped darts
Armour
 b - a +2 cloak (worn)
 c - a +1 helmet (worn)
 i - a +0 chain mail (worn)
Jewellery
 g - a ring of protection from fire (left hand)
Wands
 s - a wand of disintegration (18)
Scrolls
 h - a scroll of amnesia
 m - 3 scrolls of teleportation
 n - 2 scrolls of blinking
 r - 2 scrolls of enchant armour
Potions
 e - 5 potions of flight
 f - a potion of heal wounds {unknown}
 k - a potion of magic {unknown}
 l - 2 potions of mutation
 o - a potion of attraction
 p - a potion of resistance {unknown}
 q - 2 potions of brilliance {unknown}


   Skills:
 - Level 1.7 Fighting
 * Level 5.8 Axes
 - Level 1.7 Throwing
 - Level 2.6 Dodging


You had 4 spell levels left.
You didn't know any spells.
Your spell library was empty.

Dungeon Overview and Level Annotations

Branches:
Dungeon (4/15)            Ossuary (1/1)
 Temple: D:4-7


Innate Abilities, Weirdness & Mutations

You have an increased reservoir of magic. (+10% MP)


Message History

* * * LOW HITPOINT WARNING * * *
You slash the mummy!
The mummy is almost destroyed.
You hit the mummy. You hit the mummy but do no damage.
Unknown command.
You slash the mummy!
You destroy the mummy!
You barely miss the mummy. You hit the mummy. The mummy closely misses you.
The mummy completely misses you.
Unknown command.
You hit the mummy.
The mummy is severely damaged.
You hit the mummy. The mummy hits you.
* * * LOW HITPOINT WARNING * * *
The mummy hits you!
* * * LOW HITPOINT WARNING * * *
You hit the mummy.
The mummy is almost destroyed.
You hit the mummy. The mummy hits you!
You die...

####
#..######
##@.....#
#MM.∩.∩.+
##......#
#..######
####


You could see 2 mummies.

Vanquished Creatures
  A howler monkey (D:4)
  Crazy Yiuf (D:2)
  A worker ant (D:4)
  A mummy (Ossuary)
  A howler monkey skeleton (D:4)
  An adder (D:4)
  An ooze (D:3)
  6 worms
  A dart slug (D:1)
  4 leopard geckos
  3 orcs (D:3)
  2 giant cockroaches (D:1)
  5 goblins
  8 hobgoblins
  2 ball pythons
  5 bats
  3 frilled lizards
  10 kobolds
  3 rats
59 creatures vanquished.

Notes
Turn   | Place    | Note
-------+----------+-------------------------------------------
     0 | D:1      | lunkers the Demigod Gladiator began the quest for the Orb.
     0 | D:1      | Reached XP level 1. HP: 17/17 MP: 3/3
    83 | D:1      | Reached skill level 3 in Axes
   349 | D:1      | Reached XP level 2. HP: 23/24 MP: 4/4
   678 | D:2      | Found a faded altar of an unknown god.
   689 | D:2      | Found a shadowy altar of Dithmenos.
   731 | D:2      | Reached XP level 3. HP: 16/29 MP: 5/5
   957 | D:2      | Reached skill level 4 in Axes
  1278 | D:2      | Found a runed translucent door.
  1279 | D:2      | Noticed Crazy Yiuf
  1752 | D:2      | Killed Crazy Yiuf
  2078 | D:3      | Reached XP level 4. HP: 26/36 MP: 6/6
  2525 | D:3      | Reached skill level 5 in Axes
  2847 | D:4      | Reached XP level 5. HP: 33/41 MP: 7/7
  2952 | D:4      | Found a sand-covered staircase.
  2969 | Ossuary  | Entered an ossuary
  2979 | Ossuary  | Slain by a mummy

Illustrated notes

Levels and vault maps discovered:
D:1:      minmay_arrival_three_doors, layout_rooms
D:2:      cheibrodos_helix_gallery, layout_basic,
          chequers_ecumenical_altar_island, nicolae_dithmenos_shadow_blocks,
          uniq_crazy_yiuf_cottage
D:3:      layout_rooms
D:4:      layout_loops_ring, minmay_temple_entry_tees,
          nicolae_ossuary_entry_ruins, chequers_serial_rivers_small_3,
          kennysheep_generic_room_16
Ossuary:  ossuary_minmay_chase

Skill      XL: |  1  2  3  4 |
---------------+-------------+-----
Axes           | 3 4 5 |  5.8
Fighting       | |  1.7
Throwing       | |  1.7
Dodging        | |  2.6

Action                   |  1- 3 |  4- 6 || total
-------------------------+-------+-------++-------
Melee: War axe           |   118 |    90 ||   208
Throw: Throwing net      |     2 |       ||     2
       Dart              |     1 |       ||     1
  Use: Scroll            |     8 |     3 ||    11
Armor: Chain mail        |    34 |    41 ||    75
       Leather armour    |     1 |       ||     1
       Plate armour      |    26 |       ||    26
Dodge: Dodged            |    52 |    34 ||    86

Table legend: (Time is in decaauts)
 A = Elapsed time spent in this place.
 B = Non-inter-level travel time spent in this place.
 C = Inter-level travel time spent in this place.
 D = Time resting spent in this place.
 E = Time spent auto-exploring this place.
 F = Levels seen in this place.
 G = Mean time per level.
                   A        B        C        D        E       F      G
               +--------+--------+--------+--------+--------+-----+--------+
         Total |   3037 |   2983 |     54 |      0 |   2446 |   5 |  607.4 |
       Dungeon |   3026 |   2972 |     54 |      0 |   2446 |   4 |  756.5 |
       Ossuary |     11 |     11 |      0 |      0 |      0 |   1 |   11.0 |
               +--------+--------+--------+--------+--------+-----+--------+

Top non-repeatable levels by time:
     D:2: 1323 daAuts
     D:1: 683 daAuts
     D:3: 673 daAuts
     D:4: 345 daAuts
 Ossuary: 11 daAuts
